 Dungeon Crawl Stone Soup version 0.30.1-9-gdf580d7c3d (webtiles) character file.

Game seed: 3509465148362522399

706 lonewolfV2 the Trooper (level 7, 0/56 HPs)
             Began as a Demonspawn Wanderer on Oct 24, 2023.
             Slain by an iguana (7 damage)
             ... on level 6 of the Dungeon.
             The game lasted 00:11:08 (3965 turns).

lonewolfV2 the Trooper (Demonspawn Wanderer)        Turns: 3965, Time: 00:11:08

Health: 0/56       AC:  8    Str: 14    XL:     7   Next: 39%
Magic:  9/9        EV:  7    Int: 12    God:
Gold:   189        SH: 13    Dex: 14    Spells: 9/9 levels left

rFire   + . .        j - +8 whip "Juff" {venom, rF+}
rCold   + + +        h - +2 kite shield "Paem" {*Slow rElec rC++ Stlth+}
rNeg    . . .        c - +0 scale mail
rPois   .            (no helmet)
rElec   +            (no cloak)
rCorr   .            p - +0 pair of gloves
SInv    .            (no boots)
Will    .....        (no amulet)
Stlth   +            e - ring of protection from cold
HPRegen 0.29/turn    m - ring of protection from cold
MPRegen 0.11/turn

%: slow self (1%)
@: no status effects
A: demonic guardian 1, condensation shield, weakness stinger 1, demonic touch 1
a: no special abilities


You were on level 6 of the Dungeon.
You visited 1 branch of the dungeon, and saw 6 of its levels.

You collected 189 gold pieces.

Inventory:

Hand Weapons
 a - a +2 spear
 j - the +8 whip "Juff" (weapon) {venom, rF+}
   (You found it on level 2 of the Dungeon)

   rF:        It protects you from fire.
Armour
 c - a +0 scale mail (worn)
 h - the +2 kite shield "Paem" (worn) {*Slow rElec rC++ Stlth+}
   (You acquired it on level 1 of the Dungeon)

   rC:        It greatly protects you from cold.
   rElec:     It insulates you from electricity.
   *Slow:     It may slow you when you take damage.
   Stlth:     It makes you more stealthy.
 p - a +0 pair of gloves (worn)
Jewellery
 e - a ring of protection from cold (left hand)
 m - a ring of protection from cold (right hand)
Wands
 r - a wand of iceblast (9)
Scrolls
 g - 2 scrolls of teleportation
 i - 2 scrolls of identify
 k - 3 scrolls of fog
 l - 2 scrolls of noise
Potions
 b - 7 potions of curing
 d - 3 potions of attraction
 f - 2 potions of might
 n - 2 potions of haste
 o - 2 potions of flight
 q - a potion of mutation


   Skills:
 + Level 5.3 Fighting
 + Level 4.6 Maces & Flails
 - Level 3.9 Polearms
 - Level 4.5 Armour
 - Level 0.3 Shields
 - Level 1.0 Unarmed Combat
 - Level 1.6 Spellcasting


You had 9 spell levels left.
You didn't know any spells.
Your spell library contained the following spells:

 Spells                   Type           Power      Damage    Failure   Level
 Foxfire                  Conj/Fire      0%         2x1d4     99%         1
 Poisonous Vapours        Pois/Air       0%         N/A       100%        2
 Sublimation of Blood     Necr           0%         N/A       100%        2
 Wereblood                Tmut           0%         N/A       100%        2
 Ignite Poison            Fire/Tmut/Pois 0%         N/A       100%        3
 Inner Flame              Hex/Fire       0%         N/A       100%        3
 Mephitic Cloud           Conj/Pois/Air  0%         N/A       100%        3
 Summon Guardian Golem    Hex/Summ       0%         N/A       100%        3
 Volatile Blastmotes      Fire/Tloc      0%         2d10      100%        3
 Fireball                 Conj/Fire      0%         3d3       100%        5
 Freezing Cloud           Conj/Ice/Air   0%         6-21      100%        5
 Conjure Ball Lightning   Conj/Air       0%         3x3d6     100%        6
 Plasma Beam              Fire/Air       0%         2x1d11    100%        6
 Starburst                Conj/Fire      0%         6d3       100%        6
 Orb of Destruction       Conj           0%         9d5       100%        7
 Spellforged Servitor     Conj/Summ      0%         N/A       100%        7
 Summon Hydra             Summ           0%         N/A       100%        7
 Discord                  Hex            0%         N/A       100%        8
 Disjunction              Tloc           0%         N/A       100%        8
 Ignition                 Fire           0%         3d3       100%        8


Dungeon Overview and Level Annotations

Branches:
Dungeon (6/15)
 Temple: D:4-7

Altars:
Hepliaklqana


Innate Abilities, Weirdness & Mutations

A weak demonic guardian rushes to your aid.
A meltable shield of frost defends you. (SH +4)
You have a small tail.
Your touch may inflict minor irresistible damage on your foes.


Message History

The bullfrog barely misses you.
You barely miss the iguana.
The iguana is severely wounded.
The bullfrog hits you. The iguana bites you. The iguana closely misses you.
You hit the iguana.
The iguana is severely wounded.
You kill the bullfrog!
You block the iguana's attack.
The iguana bites you but does no damage.
You hit the iguana.
You kill the iguana!
You block the iguana's attack. The iguana bites you.
You see here an iguana corpse.
You hit the iguana.
The iguana is poisoned.
The iguana is lightly wounded.
You block the iguana's attack.
You barely miss the iguana.
You tail-slap the iguana, but do no damage.
The iguana is lightly wounded.
You block the iguana's attack.
You hit the iguana.
The iguana is moderately wounded.
The iguana bites you!
* * * LOW HITPOINT WARNING * * *
You block the iguana's attack.
You hit the iguana.
The iguana is heavily wounded.
The iguana bites you!
* * * LOW HITPOINT WARNING * * *
A demonic guardian appears!
Your ufetubus misses the iguana.
Your ufetubus hits the iguana but does no damage.
The iguana bites your ufetubus!
Your ufetubus dies!
Your ufetubus disappears in a puff of smoke!
The iguana hisses angrily.
There is an open door here.
The iguana bites you!
You die...

#### ...# #...
#### #...##.@#
#...#.l.#
+#...#'.## .
###....†###....
..............!
.....⌠.........
.........(..#..
###....?###.+
..#...#. ##


You could see an iguana (poisoned).

Vanquished Creatures
  Eustachio (D:5)
  A bullfrog (D:6)
  2 scorpions
  A jelly (D:4)
  A hound (D:4)
  An orc priest (D:4)
  An iguana (D:6)
  2 orc wizards
  4 gnolls (D:5)
  4 adders
  A shadow imp (D:5)
  An ufetubus (D:5)
  2 worms
  4 dart slugs
  9 orcs
  5 endoplasms
  7 giant cockroaches
  6 hobgoblins
  A quokka (D:1)
  5 ball pythons
  5 bats
  5 frilled lizards
  13 goblins
  8 kobolds
  3 rats (D:2)
93 creatures vanquished.

Vanquished Creatures (collateral kills)
  A hound (D:4)
1 creature vanquished.

Grand Total: 94 creatures vanquished

Notes
Turn   | Place    | Note
-------+----------+-------------------------------------------
     0 | D:1      | lonewolfV2 the Demonspawn Wanderer began the quest for the
                  | Orb.
     0 | D:1      | lonewolfV2 set off with the following items: a +2 spear, a
                  | potion of curing, a +0 scale mail, a potion of attraction.
     0 | D:1      | Reached XP level 1. HP: 13/13 MP: 1/1
   125 | D:1      | Gained mutation: A weak demonic guardian rushes to your
                  | aid. [demonic ancestry]
   125 | D:1      | Reached XP level 2. HP: 5/20 MP: 2/2
   415 | D:1      | Reached skill level 1 in Fighting
   468 | D:1      | Reached skill level 1 in Spellcasting
   704 | D:1      | Identified a scroll of acquirement
   704 | D:1      | Acquired the +2 kite shield "Paem" {*Slow rElec rC++
                  | Stlth+}
   805 | D:2      | Discovered your monstrous ancestry.
   805 | D:2      | Gained mutation: Your touch may inflict minor irresistible
                  | damage on your foes. [demonic ancestry]
   805 | D:2      | Reached XP level 3. HP: 26/26 MP: 4/4
   865 | D:2      | Identified the +8 whip "Juff" {venom, rF+}
  1062 | D:2      | Found a hazy altar of Hepliaklqana.
  1155 | D:2      | Reached skill level 2 in Fighting
  1181 | D:2      | Reached skill level 1 in Maces & Flails
  1181 | D:2      | Reached XP level 4. HP: 33/33 MP: 6/6
  1680 | D:3      | Found a faded altar of an unknown god.
  2096 | D:4      | Noticed a scorpion
  2103 | D:4      | Killed a scorpion
  2104 | D:4      | Reached skill level 3 in Fighting
  2104 | D:4      | Reached XP level 5. HP: 38/41 MP: 7/7
  2476 | D:4      | Gained mutation: A meltable shield of frost defends you.
                  | (SH +4) [demonic ancestry]
  2476 | D:4      | Reached XP level 6. HP: 48/48 MP: 8/8
  2694 | D:4      | Reached skill level 4 in Fighting
  2787 | D:5      | Entered Level 5 of the Dungeon
  3035 | D:5      | Noticed Eustachio
  3044 | D:5      | Killed Eustachio
  3045 | D:5      | Gained mutation: You have a small tail. [demonic ancestry]
  3045 | D:5      | Reached XP level 7. HP: 37/55 MP: 9/9
  3312 | D:5      | Got Zineshria's Compilation of Lava
  3639 | D:5      | Reached skill level 5 in Fighting
  3965 | D:6      | Slain by an iguana

Illustrated notes

Levels and vault maps discovered:
D:1:      evilmike_arrival_crescent, layout_rooms, serial_bayou,
          serial_bayou_pond_c, serial_bayou_shore_b, serial_bayou_lagoon_a,
          serial_bayou_pond_c, minmay_misc_feat_chi, amethyst_killhole
D:2:      layout_rooms, basic_altar
D:3:      layout_loops_ring, basic_ecumenical_altar
D:4:      layout_basic
D:5:      layout_loops_ring, minmay_holes, uniq_eustachio
D:6:      kennysheep_windowed_halls, layout_basic,
          minmay_temple_entry_antechambers, grunt_ministairs_6,
          minmay_hedge_maze

Skill      XL: |  1  2  3  4  5  6  7 |
---------------+----------------------+-----
Fighting       | 1 2 3 4 5 |  5.3
Spellcasting   | 1 |  1.6
Maces & Flails | 1 2 3 4 |  4.6
Polearms       | |  3.9
Armour         | |  4.5
Shields        | |  0.3
Unarmed Combat | |  1.0

Action                     |  1- 3 |  4- 6 |  7- 9 || total
---------------------------+-------+-------+-------++-------
  Melee: Spear             |    65 |       |       ||    65
         Whip              |    19 |    88 |    24 ||   131
         Touch             |     4 |    14 |     2 ||    20
         Punch             |     1 |     1 |       ||     2
         Tailslap          |       |       |     1 ||     1
    Use: Scroll            |     4 |     4 |       ||     8
   Stab: Distracted        |     2 |       |       ||     2
 Armour: Scale mail        |    45 |    39 |    14 ||    98
  Dodge: Dodged            |    23 |    36 |     9 ||    68
  Block: Kite shield       |     2 |       |    23 ||    25
         Other             |       |     3 |       ||     3
